 Dungeon Crawl Stone Soup version 0.29-a0-824-gd827844252 (webtiles) character file.

Game seed: 8669911566846351501

2373 kevlar127 the Grappler (level 9, -3/91 (93) HPs)
             Began as a Troll Berserker on July 9, 2022.
             Was a Priest of Trog.
             Slain by a necrophage (6 damage)
             ... on level 7 of the Dungeon.
             The game lasted 00:09:31 (4768 turns).

kevlar127 the Grappler (Troll Berserker)            Turns: 4768, Time: 00:09:31

HP:   -3/91 (93)    AC:  4    Str: 31    XL:     9   Next: 21%
MP:   8/8           EV: 10    Int:  3    God:    Trog [***...]
Gold: 343           SH:  0    Dex:  9    Spells: 8/8 levels left

rFire   . . .      SeeInvis .     - Unarmed
rCold   . . .      Faith    .   (no shield)
rNeg    + . .      Spirit   .   a - +0 animal skin
rPois   .          Reflect  .   (helmet restricted)
rElec   .          Harm     .   (no cloak)
rCorr   .          Rampage  .   (gloves unavailable)
Will    +++..                   (boots unavailable)
Stlth   +.........              (no amulet)
HPRegen 2.05/turn               i - ring of willpower
MPRegen 0.11/turn               l - ring of positive energy

@: strong-willed (expiring), on berserk cooldown, regenerating (expiring),
slowed, lightly drained, very slow
A: large, unfitting armour, claws 3, regeneration 1, shaggy fur 1, tough skin 1
a: Renounce Religion, Berserk, Trog's Hand


You were on level 7 of the Dungeon.
You worshipped Trog.
Trog was most pleased with you.
You visited 1 branch of the dungeon, and saw 7 of its levels.

You collected 343 gold pieces.

Inventory:

Missiles
 d - 84 stones (quivered)
 m - 3 curare-tipped darts
 v - 7 boomerangs
 y - 8 poisoned darts
Armour
 a - a +0 animal skin (worn)
Jewellery
 i - a ring of willpower (left claw)
 l - a ring of positive energy (right claw)
 r - a ring of protection from cold
Scrolls
 b - a scroll of amnesia {unknown}
 e - 3 scrolls of noise {unknown}
 f - 6 scrolls of identify {unknown}
 h - 3 scrolls of enchant weapon {unknown}
 o - a scroll of teleportation {unknown}
 q - 3 scrolls of magic mapping {unknown}
 s - a scroll of torment {unknown}
 u - a scroll of fear {unknown}
 x - a scroll of fog {unknown}
 z - a scroll of summoning {unknown}
Potions
 c - a potion of magic {unknown}
 g - 2 potions of curing {unknown}
 j - 2 potions of might {unknown}
 k - a potion of berserk rage {unknown}
 n - a potion of lignification {unknown}
 p - 2 potions of heal wounds {unknown}
 t - a potion of resistance {unknown}
 w - 2 potions of degeneration {unknown}


   Skills:
 + Level 7.1 Fighting
 + Level 4.6 Throwing
 - Level 2.4 Dodging
 + Level 8.5 Unarmed Combat


You had 8 spell levels left.
You didn't know any spells.
Your spell library was empty.

Dungeon Overview and Level Annotations

Branches:
Dungeon (7/15)             Temple (0/1) D:6

Altars:
Elyvilon
Hepliaklqana
Nemelex Xobeh
Sif Muna
Trog
Yredelemnul
The Shining One

Shops:
D:2 (*:(


Innate Abilities, Weirdness & Mutations

You are too large for most types of armour.
You have claws for hands.
Your natural rate of healing is unusually fast.
You are covered in fur. (AC +1)
You have tough skin. (AC +1)


Message History

You mangle the orc!!
You kill the orc!
Trog accepts your kill.
The necrophage hits you but does no damage.
The wight hits you from afar with a +1 halberd!
* * * LOW HITPOINT WARNING * * *
You partially resist.
You feel drained.
* * * LOW HITPOINT WARNING * * *
The howler monkey hits you.
* * * LOW HITPOINT WARNING * * *
You claw the orc wizard!
The orc wizard is severely wounded.
You claw the orc wizard!
You kill the orc wizard!
Trog accepts your kill.
Trog appreciates your killing of a magic user.
You are no longer berserk.
You are exhausted.
You feel yourself slow down.
You feel the effects of Trog's Hand fading.
The howler monkey hoots and howls with incredible vigour!
The necrophage closely misses you.
The wight hits you from afar with a +1 halberd!
* * * LOW HITPOINT WARNING * * *
You partially resist.
You feel drained.
* * * LOW HITPOINT WARNING * * *
A howler monkey comes into view.
You closely miss the necrophage.
The sentinel's mark upon you fades away.
The howler monkey hoots and howls with incredible vigour!
The wight completely misses you. The necrophage closely misses you.
The howler monkey misses you.
Okay, then.
Okay, then.
You barely miss the necrophage. The howler monkey hits you.
* * * LOW HITPOINT WARNING * * *
The wight hits you from afar with a +1 halberd!
* * * LOW HITPOINT WARNING * * *
The necrophage hits you.
You die... ############.. #.....#.....## ... .............. ## ... .............. .# ...# .............. .#... ....[......... .#.. ## ......<....... ##..# .. .............. #hhz#

#.# .......<...>.#
#@# ###..#
#...........## #n#
###...#
######.#########†#
..^.# #.# #......#
####..# #.#
#.....## ##.....#
#.# #.....#
####..###.# #.#
#....######....##
#.# ######.#
#...........####
#.# .......#
#....###....#####
#.# #


You could see a necrophage, 2 howler monkeys and a wight.

Vanquished Creatures
  Sigmund (D:5)
  Eustachio (D:5)
  A basilisk (D:7)
  Menkaure (D:6)
  The ghost of Encipher the Insei, an amateur OpTm (D:4)
  A water moccasin (D:7)
  2 black bears (D:6)
  A sky beast (D:7)
  2 orc warriors (D:6)
  An ice beast (D:6)
  A phantom (D:6)
  Blork the orc (D:6)
  A necrophage (D:7)
  2 scorpions
  3 wights (D:5)
  A howler monkey (D:4)
  A lava snake (D:7)
  3 hounds
  A gnoll bouda (D:7)
  3 orc priests
  A jelly (D:5)
  An iguana (D:6)
  2 orc wizards
  3 gnolls (D:7)
  6 adders
  A shadow imp (D:6)
  4 dart slugs
  11 orcs
  5 endoplasms
  3 giant cockroaches
  9 goblins
  9 hobgoblins
  8 jackals
  9 kobolds
  2 quokkas (D:1)
  7 ball pythons
  8 bats
  3 frilled lizards
  7 rats
128 creatures vanquished.

Vanquished Creatures (others)
  An orc (D:6)
1 creature vanquished.

Grand Total: 129 creatures vanquished

Notes
Turn   | Place    | Note
-------+----------+-------------------------------------------
     0 | D:1      | kevlar127 the Troll Berserker began the quest for the Orb.
     0 | D:1      | Reached XP level 1. HP: 22/22 MP: 0/0
    95 | D:1      | Reached XP level 2. HP: 29/29 MP: 1/1
   382 | D:1      | Reached XP level 3. HP: 36/37 MP: 2/2
   462 | D:2      | Reached ** piety under Trog
   534 | D:2      | Found Mexibic's Weapon Emporium.
   846 | D:2      | Found Doemaemn's Book Shop.
   900 | D:2      | Found Hiex's Assorted Antiques.
   916 | D:2      | Found a faded altar of an unknown god.
  1093 | D:2      | Found Wimoutz's Antique Weapon Shop.
  1182 | D:3      | Reached skill level 4 in Unarmed Combat
  1335 | D:3      | Found a white marble altar of Elyvilon.
  1452 | D:3      | Reached XP level 4. HP: 43/45 MP: 3/3
  1913 | D:4      | Noticed a scorpion
  1920 | D:4      | Killed a scorpion
  1921 | D:4      | Reached XP level 5. HP: 34/54 MP: 4/4
  1993 | D:4      | Found a runed translucent door.
  1996 | D:4      | Noticed Encipher's ghost (amateur OpTm)
  2578 | D:4      | Killed Encipher's ghost
  2579 | D:4      | Reached skill level 5 in Unarmed Combat
  2579 | D:4      | Reached XP level 6. HP: 49/63 MP: 5/5
  2627 | D:5      | Entered Level 5 of the Dungeon
  2691 | D:5      | Reached *** piety under Trog
  2709 | D:5      | Reached skill level 5 in Fighting
  2709 | D:5      | Reached skill level 6 in Unarmed Combat
  2709 | D:5      | Reached XP level 7. HP: 37/72 MP: 6/6
  2740 | D:5      | Noticed Sigmund
  2750 | D:5      | Killed Sigmund
  3041 | D:5      | Noticed Eustachio
  3051 | D:5      | Killed Eustachio
  3052 | D:5      | Reached skill level 1 in Throwing
  3144 | D:5      | Found a sparkling altar of Nemelex Xobeh.
  3172 | D:5      | Found a shimmering blue altar of Sif Muna.
  3293 | D:5      | Reached skill level 7 in Unarmed Combat
  3293 | D:5      | Reached XP level 8. HP: 83/83 MP: 7/7
  3475 | D:6      | Found a staircase to the Ecumenical Temple.
  3506 | D:6      | Noticed Menkaure
  3511 | D:6      | Killed Menkaure
  3573 | D:6      | Noticed Blork the orc
  3579 | D:6      | Killed Blork the orc
  3801 | D:6      | Found a basalt altar of Yredelemnul.
  3811 | D:6      | Found a glowing golden altar of the Shining One.
  3909 | D:6      | Reached skill level 8 in Unarmed Combat
  4196 | D:7      | Reached XP level 9. HP: 30/92 MP: 8/8
  4633 | D:7      | Found a bloodstained altar of Trog.
  4633 | D:7      | Found a hazy altar of Hepliaklqana.
  4768 | D:7      | HP: 3/91 [wight/+1 halberd (11)]
  4768 | D:7      | Slain by a necrophage

Illustrated notes

Levels and vault maps discovered:
D:1:      dpeg_arrival_castle, layout_rooms
D:2:      layout_basic, ebering_ecumenical_altar_box, serial_shops, shop_statue,
          nicolae_shop_behind_doors, nicolae_shop_behind_doors,
          nicolae_shop_bloodbath_and_beyond, chequers_avenue
D:3:      layout_loops_cross, amcnicky_altar_gilded, minmay_ruptured
D:4:      layout_loops_cross, ebering_ghost_sewer_d
D:5:      layout_basic, overflow_temple_1_default, nemelex_spade_bored_becter,
          uniq_sigmund, uniq_eustachio
D:6:      layout_loops_ring, grunt_temple_overflow_holy_war,
          minmay_temple_entry_antechambers, uniq_menkaure, uniq_blork_the_orc
D:7:      layout_rooms, kennysheep_mini_moat, nicolae_overflow_two_pavilions

Skill      XL: |  1  2  3  4  5  6  7  8  9 |
---------------+----------------------------+-----
Fighting       | 3 4 5 6 7 |  7.1
Unarmed Combat | 4 5 6 7 8 |  8.5
Throwing       | 1 4 |  4.6
Dodging        | |  2.4

Action                   |  1- 3 |  4- 6 |  7- 9 || total
-------------------------+-------+-------+-------++-------
Melee: Unarmed           |   119 |    81 |   139 ||   339
       Punch             |     5 |     4 |     7 ||    16
Invok: Trog's Hand       |       |     1 |     2 ||     3
       Berserk           |       |     1 |     4 ||     5
Armor: Animal skin       |    42 |    20 |    24 ||    86
Dodge: Dodged            |    44 |    43 |    64 ||   151

Table legend: (Time is in decaauts)
 A = Elapsed time spent in this place.
 B = Non-inter-level travel time spent in this place.
 C = Inter-level travel time spent in this place.
 D = Time resting spent in this place.
 E = Time spent auto-exploring this place.
 F = Levels seen in this place.
 G = Mean time per level.
                   A        B        C        D        E       F      G
               +--------+--------+--------+--------+--------+-----+--------+
         Total |   4774 |   4513 |    261 |    514 |   3247 |   7 |  682.0 |
       Dungeon |   4774 |   4513 |    261 |    514 |   3247 |   7 |  682.0 |
               +--------+--------+--------+--------+--------+-----+--------+

Top non-repeatable levels by time:
     D:6: 1133 daAuts
     D:4: 918 daAuts
     D:2: 711 daAuts
     D:5: 688 daAuts
     D:3: 666 daAuts
     D:1: 445 daAuts
     D:7: 211 daAuts
